 Dungeon Crawl Stone Soup version 0.24.0-37-gcf1ca852f1 (webtiles) character file.

Game seed: 4283517650024039727, levelgen mode: deterministic

3103 lepoulpe303 the Jinx (level 9, -10/34 HPs)
             Began as a Felid Air Elementalist on Nov 29, 2019.
             Was a Believer of Vehumet.
             Hit by a large rock thrown by a cyclops (21 damage)
             ... on level 8 of the Dungeon on Dec 1, 2019.
             The game lasted 01:22:45 (13217 turns).

lepoulpe303 the Jinx (Felid Air Elementalist)      Turns: 13217, Time: 01:22:45

Health: -10/34     AC:  2    Str:  4    XL:     9   Next: 59%
Magic:  14/20      EV: 23    Int: 20    God:    Vehumet [**....]
Gold:   169        SH:  0    Dex: 16    Spells: 8/22 levels left
                                        Lives:  0   Deaths: 2

rFire    . . .     SeeInvis +   (weapon unavailable)
rCold    . . .     Gourm    .   (shield unavailable)
rNeg     . . .     Faith    .   (armour unavailable)
rPois    .         Spirit   .   (helmet unavailable)
rElec    .         Reflect  .   (cloak unavailable)
rCorr    .         Harm     .   (gloves unavailable)
MR       +....                  (boots unavailable)
Stlth    ++++......             (no amulet)
HPRegen  0.11/turn              (no ring)
MPRegen  0.17/turn              (no ring)

@: very slightly contaminated, studying Fighting, quick
A: very small, no armour, no weapons or thrown items, stealth, claws 1, fangs 3,
see invisible, carnivore, speed 1, shaggy fur 2, slow metabolism 1, sharp paws
a: Renounce Religion


You were on level 8 of the Dungeon.
You worshipped Vehumet.
Vehumet was pleased with you.
You were completely stuffed.

You visited 2 branches of the dungeon, and saw 9 of its levels.
You also visited: Ossuary.

You collected 259 gold pieces.
You spent 90 gold pieces at shops.

Inventory:

Jewellery
 z - an uncursed amulet of faith {Faith, !P}
 I - an uncursed ring of protection from cold
Wands
 p - a wand of enslavement (3)
 s - a wand of iceblast (4)
 t - a wand of flame (7)
Scrolls
 b - 2 scrolls of random uselessness {unknown}
 i - 2 scrolls of identify
 k - a scroll of immolation {unknown}
 m - a scroll of fear {unknown}
 o - 3 scrolls of remove curse {unknown}
 q - 3 scrolls of holy word {unknown}
 r - a scroll of noise {unknown}
 w - a scroll of amnesia {unknown}
 x - a scroll of vulnerability {unknown}
 y - 2 scrolls of magic mapping {unknown}
 B - 3 scrolls of blinking {!r}
Potions
 a - 3 potions of curing
 c - 3 potions of degeneration {!q}
 d - 4 potions of berserk rage {!q}
 f - a potion of magic {unknown}
 g - 2 potions of lignification {!q}
 h - a potion of might {unknown}
 j - 3 potions of ambrosia
 l - 3 potions of heal wounds
 n - a potion of mutation {unknown}
 v - a potion of brilliance
Books
 u - a manual of Fighting {!d}
Comestibles
 e - 16 rations


   Skills:
 - Level 0.4 Fighting
 + Level 7.4 Dodging
 + Level 7.7 Stealth
 - Level 0.5 Unarmed Combat
 * Level 7.0 Spellcasting
 + Level 5.3 Conjurations
 * Level 8.9 Hexes
 * Level 7.2 Air Magic


You had 8 spell levels left.
You knew the following spells:

 Your Spells              Type           Power        Failure   Level  Hunger
a - Shock                 Conj/Air       ####         1%          1    None
b - Static Discharge      Conj/Air       ####....     2%          3    #......
c - Airstrike             Air            #####.....   4%          4    ###....
d - Confuse               Hex            #####...     1%          3    #......
e - Sting                 Conj/Pois      ###.         3%          1    None
s - Swiftness             Chrm/Air       ###.....     3%          2    None

Your spell library contained the following spells:

 Spells                   Type           Power        Failure   Level  Hunger
 Freeze                   Ice            #...         10%         1    None
 Confusing Touch          Hex            #####.       1%          1    None
 Corona                   Hex            #####..      1%          1    None
 Dazzling Spray           Conj/Hex       #####.       1%          3    #......
 Tukima's Dance           Hex            #####...     1%          3    #......
 Ensorcelled Hibernation  Hex/Ice        ###...       2%          2    None
 Lightning Bolt           Conj/Air       ####......   21%         5    #####..
 Gell's Gravitas          Tloc           #.........   28%         3    #......
 Metabolic Englaciation   Hex/Ice        ###.......   38%         5    #####..
 Yara's Violent Unravell  Hex/Tmut       ###.......   38%         5    #####..
 Petrify                  Tmut/Erth      #.......     67%         4    ###....


Dungeon Overview and Level Annotations

Branches:
Dungeon (8/15)             Temple (1/1) D:5         Ossuary (visited)
   Lair: D:8-11

Altars:
Dithmenos
Elyvilon
Fedhas
Gozag
Hepliaklqana
Kikubaaqudgha
Makhleb
Nemelex Xobeh
Okawaru
Qazlal
Ru
Sif Muna
Trog
Uskayaw
Vehumet
Wu Jian
Xom
Yredelemnul
Zin
The Shining One


Innate Abilities, Weirdness & Mutations

You cannot wear armour.
You are incapable of wielding weapons or throwing items.
Your paws allow you to move quietly. (Stealth)
You have sharp claws.
You have razor-sharp teeth.
You have supernaturally acute eyesight. (SInv)
You are carnivorous and can eat meat at any time.
You cover ground quickly.
You are covered in thick fur. (AC +2)
You have a slow metabolism.
Your sharp claws are effective at attacking unaware monsters.


Message History

You take 5 damage, and have 15/34 hp.
Aim: an orc wizard, wielding a +0 rapier and wearing a +0 robe (lightly wounded)
The sting hits the orc wizard.
The orc wizard is poisoned.
You now have 16/20 mp.
Aim: an orc wizard, wielding a +0 rapier and wearing a +0 robe (heavily wounded, poisoned)
The zap hits the orc wizard.
The orc wizard hits you with a +0 rapier.
* * * LOW HITPOINT WARNING * * *
You take 4 damage, and have 11/34 hp.
You now have 15/20 mp.
Aim: an orc wizard, wielding a +0 rapier and wearing a +0 robe (severely wounded, poisoned)
The zap hits the orc wizard.
The orc wizard barely misses you.
You now have 14/20 mp.
Aim: an orc wizard, wielding a +0 rapier and wearing a +0 robe (almost dead, poisoned)
The zap hits the orc wizard!
You kill the orc wizard!
You feel your power returning.
The cyclops throws a large rock.
The large rock misses you.
The cyclops throws a large rock.
The large rock hits you!!
Ouch! That really hurt!
You die...

..........)######....#.#
............÷.)<#......#
............######C.####
..........o.# ###..###
........#...# #......#
........#...####......###
.......#.####..........#
#####.#.####..).......###
#.#.##/?.@..=%......#
###'#.##$)(...[(......#
.#####.....##......##......#
.....'....÷##......##......#
.#####.....##.............(#
#.....##......(.....)%#
#....>####..........###
#####.####..........#
#......# .#


You could see a cyclops.

Levels and vault maps discovered:
D:1:      lemuel_arrival_hallway, layout_basic
D:2:      layout_basic, okawaru_ov_weapons_minmay
D:3:      layout_loops_ring, lemuel_doored_altar, overflow_temple_1_default
D:4:      kennysheep_the_goblin_king, layout_basic,
          nicolae_overflow_hidden_temple, first_ration,
          chequers_serial_rivers_micro_c
D:5:      layout_rooms, nicolae_qazlal_general_emergency, zin_purify,
          minmay_temple_entry_waves, enter_ossuary_4, chequers_jeans,
          minmay_ruined_shrine
D:6:      layout_basic, marbit_many_paths, old_standard_altar, st_stairs_11,
          grunt_dithmenos_shadows, uniq_grinder
D:7:      layout_basic, kennysheep_mini, grunt_ogre_cave, minmay_manual_mail,
          uniq_harold
D:8:      minmay_bloctagon, layout_basic, kennysheep_little_box,
          david_lair_shrubbed, basic_altar, chequers_serial_rivers_room_b
Temple:   jpeg_temple_clearing

Notes
Turn   | Place    | Note
-------+----------+-------------------------------------------
     0 | D:1      | lepoulpe303 the Felid Air Elementalist began the quest for
                  | the Orb.
     0 | D:1      | Reached XP level 1. HP: 7/7 MP: 4/4
    14 | D:1      | Reached skill level 1 in Conjurations
   366 | D:1      | You fall into a shaft and drop 1 floor!
   440 | D:2      | Reached XP level 2. HP: 11/11 MP: 4/6
   449 | D:2      | Learned a level 2 spell: Swiftness
   461 | D:2      | Identified a +0 dagger
   826 | D:2      | Identified a +0 club
  1025 | D:2      | Found an iron altar of Okawaru.
  1065 | D:2      | lepoulpe303: !whichgos feae
  1065 | D:2      | lepoulpe303: !whichgod feae
  1065 | D:2      | meem: 7 recent wins for feae: 3x Vehumet, Fedhas, Jiyva,
                  | Nemelex Xobeh, Ru
  1071 | D:2      | Reached skill level 3 in Dodging
  1071 | D:2      | Reached XP level 3. HP: 15/15 MP: 0/7
  1076 | D:2      | Learned a level 3 spell: Static Discharge
  1196 | D:2      | Identified a +0 club
  1273 | D:2      | Reached skill level 3 in Stealth
  1273 | D:2      | Reached skill level 3 in Air Magic
  1725 | D:2      | Identified a +0 club
  1890 | D:2      | Identified 3 scrolls of blinking
  1891 | D:2      | Identified 2 scrolls of identify
  1891 | D:2      | Identified a ring of attention (You found it on level 2 of
                  | the Dungeon)
  1966 | D:3      | Identified a +0 whip
  1966 | D:3      | Identified a +0 ring mail
  2147 | D:3      | Reached XP level 4. HP: 18/18 MP: 3/8
  2205 | D:3      | Found a blossoming altar of Fedhas.
  2217 | D:3      | Identified a +0 mace
  2217 | D:3      | Identified a +0 leather armour
  2220 | D:3      | Identified a cursed -1 club
  2304 | D:3      | Identified a +0 club
  2439 | D:3      | Identified a +0 club
  2443 | D:3      | Identified a +0 trident
  2444 | D:3      | Identified a +0 hand axe
  2444 | D:3      | Identified a +0 leather armour
  2520 | D:3      | Identified a +0 dagger
  2520 | D:3      | Identified a cursed +0 robe
  2674 | D:3      | HP: 4/18 [orc priest/divine providence (14)]
  2675 | D:3      | Reached skill level 3 in Spellcasting
  2675 | D:3      | Reached skill level 2 in Conjurations
  2675 | D:3      | Reached XP level 5. HP: 4/21 MP: 5/10
  2678 | D:3      | Identified a +0 hand axe
  2681 | D:3      | Learned a level 4 spell: Airstrike
  3262 | D:3      | Identified a +0 club
  3268 | D:3      | Identified a +0 hand axe
  3268 | D:3      | Identified a +0 trident
  3344 | D:3      | Found a hide-covered altar of Uskayaw.
  3354 | D:3      | Noticed an ice beast
  3495 | D:3      | Killed an ice beast
  3625 | D:3      | Identified a +0 dagger
  3625 | D:3      | Identified a +0 robe
  3633 | D:3      | Gained mutation: You are covered in thick fur. (AC +2)
                  | [Felid growth]
  3633 | D:3      | Reached XP level 6. HP: 25/25 MP: 4/12
  3963 | D:3      | Reached skill level 4 in Dodging
  4356 | D:4      | Reached skill level 4 in Stealth
  4470 | D:4      | Identified a cursed -3 club
  4496 | D:4      | Identified a +0 giant club
  4534 | D:4      | Reached skill level 4 in Air Magic
  4583 | D:4      | Identified a +0 giant club
  4595 | D:4      | Reached skill level 3 in Conjurations
  4629 | D:4      | Reached XP level 7. HP: 27/28 MP: 2/13
  4715 | D:4      | Learned a level 3 spell: Confuse
  4825 | D:4      | Identified a +0 whip
  4825 | D:4      | Identified a +0 ring mail
  4861 | D:4      | Found a shadowy altar of Dithmenos.
  4932 | D:4      | Identified a +0 club
  4932 | D:4      | Identified a +0 hunting sling
  4932 | D:4      | Identified a +0 club
  4934 | D:4      | Identified a +0 dagger of electrocution
  4938 | D:4      | Identified a +2 dagger of freezing
  4938 | D:4      | Identified a +0 leather armour
  4938 | D:4      | Noticed Ijyb
  5012 | D:4      | Killed Ijyb
  5192 | D:4      | Identified a +0 giant club
  5201 | D:4      | Reached skill level 4 in Spellcasting
  5201 | D:4      | Reached skill level 1 in Hexes
  5306 | D:5      | Entered Level 5 of the Dungeon
  5310 | D:5      | Found a sand-covered staircase.
  5317 | Ossuary  | Entered an ossuary
  5343 | Ossuary  | HP: 7/28 [centaur zombie (5)]
  5365 | Ossuary  | HP: 7/28 [mummy (1)]
  5368 | Ossuary  | Mangled by a mummy
  5369 | Ossuary  | Reached XP level 6. HP: -11/25 MP: 3/13
  5505 | Ossuary  | Reached skill level 2 in Hexes
  5845 | Ossuary  | Identified 3 potions of ambrosia
  5872 | D:5      | Reached XP level 7. HP: 12/28 MP: 0/14
  6291 | D:5      | Reached skill level 3 in Hexes
  6435 | D:5      | Identified a +0 shortbow
  6484 | D:5      | Reached skill level 5 in Dodging
  6484 | D:5      | Reached skill level 5 in Stealth
  6712 | D:5      | Identified a cursed -3 morningstar
  6712 | D:5      | Identified a +0 club
  6712 | D:5      | Identified a +0 ring mail
  6733 | D:5      | Identified a +2 dagger of speed
  6733 | D:5      | Identified a +0 robe
  6735 | D:5      | Identified a +0 flail
  6884 | D:5      | Found a glowing silver altar of Zin.
  7069 | D:5      | Reached skill level 5 in Air Magic
  7192 | D:5      | Reached skill level 4 in Conjurations
  7192 | D:5      | Reached skill level 4 in Hexes
  7541 | D:5      | Found a stormy altar of Qazlal.
  7610 | D:5      | Found Zin's Purification Station.
  7615 | D:5      | Found a glowing silver altar of Zin.
  7618 | D:5      | Bought a potion of curing for 90 gold pieces
  7660 | D:5      | Reached XP level 8. HP: 31/31 MP: 6/16
  7728 | D:5      | Found a staircase to the Ecumenical Temple.
  7734 | Temple   | Entered the Ecumenical Temple
  7813 | Temple   | Became a worshipper of Vehumet
  7839 | D:5      | Identified a +0 shortbow
  7864 | D:5      | Reached skill level 5 in Spellcasting
  8139 | D:5      | Identified a +0 giant club
  8611 | D:6      | Reached skill level 5 in Hexes
  8614 | D:6      | Noticed Grinder
  8786 | D:6      | Killed Grinder
  8998 | D:6      | Identified a +0 giant club
  9045 | D:6      | Reached skill level 6 in Stealth
  9164 | D:6      | Identified a +0 dagger
  9164 | D:6      | Identified a +0 robe
  9164 | D:6      | Identified a +0 hand axe
  9350 | D:6      | Reached skill level 6 in Dodging
  9508 | D:5      | Reached skill level 6 in Hexes
  9575 | D:6      | Identified a +0 shortbow
  9619 | D:6      | Identified a +3 flail of draining
  9620 | D:6      | Identified a +0 dagger
  9620 | D:6      | Identified a +0 robe
  9620 | D:6      | Identified a cursed +3 spear
  9620 | D:6      | Identified a +0 robe
  9655 | D:6      | Identified a +0 hand axe
  9657 | D:6      | Reached XP level 9. HP: 34/34 MP: 12/18
  9743 | D:6      | Reached skill level 6 in Air Magic
  9855 | D:6      | Found an opulent altar of Gozag.
  9918 | D:6      | Reached * piety under Vehumet
  9918 | D:6      | Offered knowledge of Sting by Vehumet.
  9922 | D:6      | Learned a level 1 spell: Sting
  9929 | D:6      | Found a hazy altar of Hepliaklqana.
 10047 | D:6      | Found a shadowy altar of Dithmenos.
 10377 | D:6      | Identified a cursed -2 short sword
 10505 | D:7      | Identified a +0 giant club
 10519 | D:7      | Reached skill level 6 in Spellcasting
 10599 | D:7      | Reached skill level 7 in Hexes
 10896 | D:7      | Identified a +0 dagger
 10896 | D:7      | Identified a +0 robe
 10901 | D:7      | Identified a +0 trident
 10901 | D:7      | Identified a +0 robe
 10902 | D:7      | Identified a +0 spear
 10902 | D:7      | Identified a +0 robe
 10930 | D:7      | Identified a +1 halberd of protection
 10930 | D:7      | Identified a +0 scale mail
 10930 | D:7      | Noticed Harold
 11100 | D:7      | Identified a +0 short sword
 11100 | D:7      | Identified a +0 ring mail
 11105 | D:7      | Identified a cursed +0 trident
 11105 | D:7      | Identified a +0 robe
 11129 | D:7      | Identified a cursed +2 spear
 11129 | D:7      | Identified a +0 robe
 11148 | D:7      | Identified a cursed -2 spear
 11148 | D:7      | Identified a +0 robe
 11148 | D:7      | Identified a cursed +3 short sword
 11148 | D:7      | Identified a +0 robe
 11268 | D:7      | Reached skill level 7 in Stealth
 11287 | D:7      | Identified a +0 giant club
 11338 | D:7      | Found a burning altar of Makhleb.
 11370 | D:7      | Identified a +0 hand axe
 11370 | D:7      | Identified a +0 club
 11370 | D:7      | Identified a +0 leather armour
 11370 | D:7      | Identified a +0 hand axe
 11370 | D:7      | Identified a +0 whip
 11370 | D:7      | Identified a +0 flail
 11526 | D:7      | Identified a +0 giant spiked club
 11566 | D:7      | Reached skill level 5 in Conjurations
 11697 | D:7      | Identified a +0 giant club
 11773 | D:7      | Identified a +0 giant club
 11795 | D:7      | Reached skill level 8 in Hexes
 11927 | D:7      | Identified a +0 battleaxe
 11927 | D:7      | Identified a +0 robe
 12075 | D:7      | Identified a +0 dagger
 12075 | D:7      | Identified a +0 leather armour
 12075 | D:7      | Identified a +0 trident of freezing
 12075 | D:7      | Identified a +0 mace
 12328 | D:7      | HP: 1/34 [Harold/+1 halberd of protection (13)]
 12338 | D:7      | HP: 6/34 [Harold/+1 halberd of protection (5)]
 12397 | D:7      | Killed from afar by Harold
 12398 | D:7      | Reached XP level 8. HP: -5/31 MP: 14/18
 12479 | D:7      | Killed Harold
 12479 | D:7      | Reached skill level 7 in Dodging
 12479 | D:7      | Reached skill level 7 in Air Magic
 12479 | D:7      | Reached XP level 9. HP: 34/34 MP: 12/20
 12555 | D:7      | Identified an amulet of faith (You found it on level 7 of
                  | the Dungeon)
 12556 | D:7      | Identified 3 potions of berserk rage
 12557 | D:7      | Identified 3 potions of degeneration
 12558 | D:7      | Identified 3 potions of heal wounds
 12559 | D:7      | Identified 2 potions of lignification
 12560 | D:7      | Identified a potion of brilliance
 12612 | D:8      | Found a bloodstained altar of Trog.
 12620 | D:8      | Reached ** piety under Vehumet
 12672 | D:8      | Identified a +0 glaive
 12672 | D:8      | Identified a +0 chain mail
 12672 | D:8      | Identified a +0 short sword
 12672 | D:8      | Identified a +0 hand axe
 12686 | D:8      | Offered knowledge of Freeze by Vehumet.
 12899 | D:8      | Identified a +0 giant club
 12929 | D:8      | Identified a +0 falchion
 12929 | D:8      | Identified an uncursed ring of protection from cold
 13144 | D:8      | Reached skill level 7 in Spellcasting
 13195 | D:8      | Noticed a cyclops
 13205 | D:8      | Identified a +0 rapier
 13205 | D:8      | Identified a +0 robe
 13217 | D:8      | Hit by a large rock thrown by a cyclops

Table legend:
 A = Turns spent in this place as a percentage of turns spent in the entire game.
 B = Non-inter-level travel turns spent in this place as a percentage of non-inter-level travel turns spent in the entire game.
 C = Inter-level travel turns spent in this place as a percentage of turns spent in this place.
 D = Turns resting spent in this place as a percentage of non-inter-level travel turns spent in this place.
 E = Turns spent auto-exploring this place as a percentage of non-inter-level travel turns spent in this place.
 F = Non-inter-level travel turns spent in this place divided by the number of levels of this place that you've seen.
                   A       B       C       D       E      F
               +-------+-------+-------+-------+-------+----------------------
         Total | 100.0 | 100.0 |   2.0 |  50.6 |  29.3 | 1295.3
       Dungeon |  95.3 |  95.3 |   2.0 |  51.3 |  29.9 | 1542.8
        Temple |   0.7 |   0.6 |  13.8 |   0.0 |  92.6 |  81.0
       Ossuary |   4.0 |   4.1 |   0.0 |  41.3 |   4.0 | 530.0
               +-------+-------+-------+-------+-------+----------------------

Table legend:
 A = Kills in this place as a percentage of kills in entire the game.
 B = Kills by you in this place as a percentage of kills by you in the entire game.
 C = Kills by friends in this place as a percentage of kills by friends in the entire game.
 D = Other kills in this place as a percentage of other kills in the entire game.
 E = Experience gained in this place as a percentage of experience gained in the entire game.
 F = Experience gained in this place divided by the number of levels of this place that you have seen.
                   A       B       C       D       E      F
               +-------+-------+-------+-------+-------+----------------------
         Total | 100.0 | 100.0 | 100.0 | 100.0 | 100.0 | 734.5
       Dungeon |  92.7 |  95.0 |   0.0 |   0.0 |  97.2 | 892.1
       Ossuary |   7.3 |   5.0 | 100.0 | 100.0 |   2.8 | 208.0
               +-------+-------+-------+-------+-------+----------------------

Skill      XL: |  1  2  3  4  5  6  7  8  9 |
---------------+----------------------------+-----
Conjurations   | 1 2 3 4 5 |  5.3
Dodging        | 3 4 5 7 |  7.4
Stealth        | 3 4 5 6 7 |  7.7
Air Magic      | 3 4 5 7 6 |  7.2
Spellcasting   | 3 4 5 7 |  7.0
Hexes          | 2 4 6 8 |  8.9
Fighting       | |  0.4
Unarmed Combat | |  0.5

Action                   |  1- 3 |  4- 6 |  7- 9 || total
-------------------------+-------+-------+-------++-------
Melee: Unarmed           |    38 |    51 |    32 ||   121
       Bite              |     6 |     6 |     3 ||    15
 Cast: Shock             |    85 |   182 |   327 ||   594
       Static Discharge  |       |     5 |    37 ||    42
       Confuse           |       |     2 |     3 ||     5
       Airstrike         |       |       |    14 ||    14
       Swiftness         |       |       |     1 ||     1
       Sting             |       |       |   132 ||   132
Evoke: Wand              |       |     5 |     3 ||     8
  Use: Scroll            |     2 |     1 |     6 ||     9
       Potion            |       |       |     1 ||     1
 Stab: Confused          |       |     1 |       ||     1
       Sleeping          |       |       |     1 ||     1
  Eat: Chunk             |    11 |     9 |    27 ||    47
Armor: Skin              |     7 |     7 |     8 ||    22
Dodge: Dodged            |    41 |   105 |   197 ||   343

Vanquished Creatures
  Harold (D:7)
  Grinder (D:6)
  A water moccasin (D:7)
  An orc warrior (D:8)
  2 ice beasts
  A black bear (D:7)
  2 sky beasts
  A phantom (D:8)
  A necrophage (D:8)
  11 ogres
  3 centaurs
  3 bullfrogs
  3 scorpions
  9 wights
  2 howler monkeys
  4 crimson imps
  3 jellies
  A centaur zombie (Ossuary)
  2 orc priests
  2 bullfrog skeletons (D:8)
  4 hounds
  7 orc wizards
  Ijyb (D:4)
  2 iguanas
  13 worker ants
  A killer bee zombie (D:8)
  2 big kobold zombies (Ossuary)
  2 hound skeletons (D:4)
  3 mummies (Ossuary)
  3 worker ant zombies
  8 adders
  A shadow imp (D:6)
  4 worms
  3 dart slugs
  6 leopard geckos
  29 orcs
  8 bats
  3 giant cockroaches
  11 goblins
  4 hobgoblins
  6 jackals
  A kobold (D:3)
  5 quokkas
  A ball python skeleton (D:5)
  5 frilled lizards
  A giant cockroach zombie (D:6)
  4 hobgoblin zombies (Ossuary)
  A jackal skeleton (D:7)
  A leopard gecko skeleton (D:4)
  3 quokka zombies
  3 rats (D:2)
  A rat zombie (D:5)
201 creatures vanquished.

Vanquished Creatures (collateral kills)
  2 mummies (Ossuary)
2 creatures vanquished.

Vanquished Creatures (others)
  2 centaur zombies (Ossuary)
  A big kobold zombie (Ossuary)
3 creatures vanquished.

Grand Total: 206 creatures vanquished
